Map: Whispers of Gold

Players

gumiho

  • Race: Terran Terran
  • Spawn Location: 5:00

LiquidClem (Clem) - Winner!

  • Race: Protoss Protoss
  • League: Grandmaster
  • Spawn Location: 9:00

Event: HomeStory Cup XXVI

VOD

Have the link to the VOD?

Description

Time

  • Played on: Dec. 1, 2024, 5:20 p.m.
  • Length: 13:43

All games in this series

Show
View Real Time Build Order
Export as new Build Order

gumiho Terran 

Build Orders:  

Get SALT Encoding   

  12  0:00  SCV  
  13  0:12  SCV  
  14  0:17  Supply Depot  
  14  0:24  SCV  
  15  0:39  SCV  
  15  0:40  Barracks  
  16  0:44  Refinery  
  16  0:51  SCV  
  16  0:55  Refinery  
  17  1:03  SCV  
  18  1:15  SCV  
  19  1:27  Orbital Command  
  19  1:28  Reaper  
  20  1:44  Factory  
  20  1:45  Supply Depot  
  20  1:52  SCV  
  21  2:00  Barracks Reactor  
  21  2:05  SCV  
  22  2:17  SCV  
  23  2:23  Command Center  
  23  2:28  Hellion  
  25  2:31  SCV  
  25  2:36  Reaper x2  
  28  2:42  Supply Depot  
  28  2:46  SCV  
  29  2:52  Hellion  
  31  3:01  Starport  
  31  3:05  SCV  
  31  3:09  Marine  
  31  3:10  Marine  
  34  3:15  Factory Tech Lab  
  34  3:18  SCV  
  33  3:27  Marine x2  
  35  3:35  Orbital Command  
  35  3:36  Siege Tank  
  38  3:43  Medivac  
  38  3:45  SCV  
  38  3:47  Marine  
  42  3:49  Marine  
  43  3:56  Supply Depot  
  43  3:57  SCV  
  43  4:01  SCV  
  45  4:04  Marine  
  45  4:07  Marine  
  47  4:10  Siege Tank  
  47  4:14  Starport Tech Lab  
  47  4:15  SCV  
  52  4:17  SCV  
  52  4:21  Refinery  
  52  4:25  Supply Depot  
  52  4:26  Marine  
  52  4:27  Marine  
  54  4:32  SCV  
  54  4:33  SCV  
  54  4:36  Raven  
  58  4:44  Marine x2  
  58  4:45  SCV x2  
  60  4:56  Siege Tank  
  56  5:01  SCV x2  
  56  5:02  Marine x2  
  57  5:07  Bunker, Barracks x2  
  57  5:13  SCV x2  
  59  5:20  Marine  
  60  5:22  Engineering Bay  
  60  5:24  Marine  
  60  5:25  SCV  
  60  5:26  SCV  
  63  5:29  Siege Tank  
  66  5:38  Marine, SCV x2  
  66  5:41  Supply Depot  
  66  5:42  Marine  
  67  5:50  SCV x2  
  67  5:55  Marine  
  68  5:57  Barracks Tech Lab  
  68  6:00  Marine  
  68  6:02  Supply Depot x2, SCV  
  68  6:04  SCV  
  70  6:13  Supply Depot  
  70  6:21  Supply Depot  
  70  6:24  Combat Shield, Refinery, SCV  
  70  6:25  Stimpack, Refinery  
  71  6:28  Starport Reactor, Marauder  
  71  6:29  Marauder  
  75  6:33  Marine x2  
  75  6:35  SCV  
  75  6:36  SCV  
  75  6:37  Terran Infantry Weapons Level 1  
  79  6:40  Supply Depot  
  79  6:50  Marauder x2  
  83  6:55  SCV x2  
  85  7:10  Command Center  
  85  7:11  Marauder  
  85  7:15  Marauder, Marine x2  
  91  7:16  Medivac  
  91  7:19  Medivac  
  95  7:27  Barracks  
  95  7:28  Barracks  
  95  7:31  SCV  
  95  7:32  Factory Reactor  
  95  7:33  Marauder, SCV  
  99  7:38  Marine, Supply Depot  
  99  7:39  Marine  
  101  7:45  Concussive Shells  
  101  7:46  SCV x2  
  101  7:48  Medivac  
  101  7:49  Medivac  
  109  7:51  Marauder  
  109  7:55  Marauder  
  109  7:58  Marine x2  
  112  8:06  SCV  
  112  8:07  SCV  
  112  8:11  Widow Mine x2  
  120  8:13  Marauder  
  120  8:16  Marauder  
  120  8:19  SCV x2  
  124  8:21  Supply Depot  
  124  8:22  Missile Turret  
  124  8:23  Viking, Supply Depot  
  124  8:24  Barracks Tech Lab  
  126  8:28  Viking  
  126  8:34  SCV x2  
  130  8:38  Marauder x2  
  134  8:44  Marauder x2  
  138  8:53  Orbital Command, Viking  
  130  9:03  Marauder, Marine x2  
  130  9:04  Marauder  
  130  9:05  Widow Mine, Marine  
  130  9:09  Medivac  
  139  9:11  Marauder  
  139  9:14  SCV  
  139  9:16  Terran Infantry Armor Level 1  
  139  9:20  Widow Mine  
  139  9:21  Marine  
  139  9:23  Marauder  
  144  9:26  Widow Mine  
  144  9:27  Marauder x2, Marine  
  151  9:31  Marine  
  151  9:32  Supply Depot  
  151  9:38  Armory  
  152  9:39  Marine  
  152  9:41  Viking x2  
  152  9:44  Marauder  
  155  9:46  Supply Depot  
  155  9:48  Marauder  
  147  9:59  Marauder x2, Marine x2  
  151  10:06  Marauder  
  149  10:10  Marauder  
  149  10:11  Viking x2  
  134  10:20  Marauder  
  134  10:21  Marauder  
  132  10:24  SCV x3  
  132  10:27  Marauder, Command Center  
  135  10:31  Marauder  
  135  10:36  SCV  
  135  10:41  Viking x2  
  135  10:42  Marauder x2  
  144  10:45  Marine  
  144  10:49  Marauder  
  147  10:51  Refinery  
  147  10:52  Marauder, Refinery  
  149  11:03  Marauder x2  
  151  11:09  Terran Infantry Weapons Level 2  
  151  11:10  Marauder, Marine x2  
  152  11:11  Viking x2  
  152  11:14  Marauder  
  152  11:24  Marine  
  152  11:25  Marauder  
  149  11:26  Widow Mine x2  
  149  11:28  Marine x2  
  149  11:32  Marauder  
  150  11:35  Marauder  
  139  11:41  Viking x2  
  139  11:43  Marauder  
  139  11:46  Marauder, Marine x2  
  147  11:53  Marauder  
  139  11:57  Marauder  
  139  11:58  SCV x2  
  141  12:03  Marine  
  141  12:04  Marauder, Marine  
  141  12:07  Marine, Barracks x3  
  146  12:11  Medivac x2  
  146  12:12  Missile Turret  
  146  12:14  Fusion Core  
  150  12:16  Engineering Bay  
  150  12:29  Marine x2  
  154  12:30  Marauder x2, Planetary Fortress  
  154  12:32  Marauder, Marine  
  156  12:41  Medivac  
  155  12:47  Marine x2  
  155  12:50  Marauder, Marine  
  141  12:51  Marauder  
  141  12:53  Marine  
  133  13:05  Marine  
  114  13:06  Marine x2  
  114  13:07  Marine x2  
  114  13:09  Marauder  
  114  13:11  Marauder x2  
  114  13:12  Widow Mine x2, Marauder  
  119  13:23  Marine  
  119  13:24  Marine  
Show
View Real Time Build Order
Export as new Build Order

LiquidClem Protoss - Winner!

Build Orders: 1 Gate Expand, Blink Stalkers 

Get SALT Encoding   

  12  0:00  Probe  
  13  0:12  Probe  
  14  0:18  Pylon  
  14  0:23  Probe  
  15  0:32  Probe  
  15  0:37  Gateway  
  15  0:40  Probe  
  16  0:46  Assimilator  
  17  0:51  Probe  
  18  1:03  Probe  
  19  1:15  Probe  
  20  1:24  Cybernetics Core  
  20  1:34  Nexus  
  20  1:37  Probe  
  21  1:44  Pylon  
  21  1:49  Probe  
  21  1:52  Adept  
  22  1:54  Assimilator  
  22  2:01  Probe  
  22  2:05  Warp Gate  
  25  2:13  Probe, Adept  
  26  2:26  Probe  
  26  2:28  Twilight Council  
  29  2:38  Probe  
  29  2:39  Blink  
  29  2:42  Probe  
  29  2:43  Stalker  
  30  2:50  Probe  
  30  2:51  Probe  
  34  2:54  Shield Battery  
  35  3:01  Probe  
  35  3:02  Probe  
  37  3:13  Probe  
  37  3:14  Probe  
  37  3:23  Gateway  
  37  3:26  Probe x2  
  39  3:37  Robotics Facility  
  39  3:38  Probe x2  
  41  3:45  Gateway  
  41  3:50  Probe x2, Pylon  
  41  3:54  Stalker  
  45  3:57  Pylon  
  45  4:00  Pylon  
  45  4:03  Probe  
  45  4:05  Assimilator  
  46  4:13  Probe  
  47  4:17  Stalker x2  
  47  4:19  Probe  
  52  4:24  Observer  
  52  4:27  Nexus  
  53  4:32  Pylon  
  53  4:41  Stalker x2  
  52  4:46  Stalker  
  52  4:48  Probe  
  54  4:55  Probe  
  51  5:00  Probe  
  51  5:05  Pylon  
  51  5:07  Probe, Observer  
  52  5:09  Charge  
  52  5:10  Stalker  
  52  5:12  Probe  
  57  5:19  Probe  
  58  5:24  Probe, Observer, Pylon  
  58  5:28  Forge  
  59  5:31  Probe  
  59  5:33  Stalker x2  
  64  5:36  Probe  
  65  5:43  Probe, Observer  
  65  5:46  Probe  
  65  5:48  Probe  
  68  5:53  Gateway  
  68  5:55  Probe  
  68  5:56  Gateway  
  69  5:57  Protoss Ground Weapons Level 1  
  69  5:59  Probe, Shield Battery  
  69  6:00  Probe  
  71  6:07  Probe  
  71  6:11  Gateway, Probe  
  73  6:12  Probe  
  73  6:13  Observer  
  73  6:16  Gateway  
  74  6:20  Probe, Observer x2  
  74  6:21  Sentry x2  
  74  6:23  Probe  
  74  6:24  Probe  
  74  6:25  Pylon  
  81  6:28  Gateway  
  81  6:33  Gateway, Warp Prism  
  81  6:35  Gateway  
  81  6:41  Pylon  
  82  6:47  Probe  
  83  6:58  Nexus  
  83  7:00  Pylon  
  80  7:03  Probe x2  
  80  7:04  Probe  
  79  7:11  Stalker  
  81  7:15  Probe x2  
  81  7:16  Probe  
  81  7:18  Pylon  
  83  7:24  Probe  
  83  7:25  Pylon  
  83  7:26  Shield Battery  
  83  7:27  Probe  
  83  7:28  Probe  
  85  7:30  Protoss Ground Weapons Level 2  
  85  7:32  Zealot x2  
  85  7:33  Probe  
  90  7:40  Assimilator, Probe  
  90  7:41  Probe  
  90  7:43  Robotics Bay  
  92  7:45  Probe  
  92  7:50  Stalker  
  95  7:51  Stalker, Pylon  
  95  7:52  Probe  
  95  7:56  Zealot x2  
  102  8:00  Zealot x2  
  102  8:05  Probe, Pylon  
  105  8:13  Zealot x2  
  109  8:20  Colossus  
  109  8:21  Zealot  
  109  8:22  Zealot x3  
  109  8:23  Zealot  
  119  8:28  Probe x3  
  119  8:29  Probe  
  123  8:40  Probe x3  
  123  8:41  Probe, Shield Battery  
  133  8:52  Probe  
  130  8:56  Zealot x6  
  130  8:57  Zealot  
  130  8:58  Extended Thermal Lance, Colossus  
  130  8:59  Probe  
  130  9:01  Probe x2  
  115  9:11  Observer, Zealot x3  
  115  9:17  Observer  
  118  9:19  Zealot x2  
  122  9:24  Zealot x2  
  122  9:25  Sentry  
  122  9:27  Zealot  
  130  9:33  Zealot x3  
  130  9:36  Zealot  
  138  9:39  Assimilator, Robotics Facility  
  138  9:42  Zealot  
  136  9:51  Zealot x4  
  124  9:55  Colossus  
  124  9:58  Zealot  
  124  9:59  Zealot  
  130  10:01  Zealot  
  130  10:03  Zealot  
  126  10:10  Zealot x2  
  126  10:13  Zealot  
  126  10:14  Zealot x3  
  118  10:19  Stalker x2  
  106  10:22  Stalker  
  106  10:24  Stalker  
  108  10:31  Stalker x2  
  108  10:34  Colossus  
  108  10:35  Stalker x2  
  116  10:37  Stalker  
  116  10:40  Sentry  
  120  10:42  Sentry x2  
  130  10:50  Zealot x2  
  130  10:56  Zealot x2  
  138  10:59  Zealot x2  
  138  11:00  Zealot  
  132  11:17  Pylon  
  132  11:18  Pylon x2  
  114  11:40  Pylon, Nexus  
  114  11:41  Colossus  
  114  11:45  Zealot x5  
  122  11:48  Observer, Colossus  
  120  11:54  Observer, Pylon  
  120  11:56  Pylon  
  120  11:57  Pylon  
  120  12:00  Gateway  
  120  12:01  Zealot  
  128  12:03  Gateway, Dark Shrine  
  128  12:07  Zealot x3  
  134  12:10  Zealot  
  134  12:11  Zealot  
  138  12:16  Zealot  
  138  12:19  Shield Battery  
  138  12:20  Pylon  
  138  12:22  Pylon  
  140  12:32  Stalker x2  
  140  12:33  Zealot x2  
  140  12:34  Zealot x2  
  152  12:40  Stalker  
  148  12:50  Zealot  
  139  12:54  Pylon  
  139  12:57  Zealot x3  
  139  12:58  Zealot x3  
  139  13:01  Stalker  
  131  13:10  Pylon  
  131  13:11  Zealot x2  
  135  13:13  Probe x2, Pylon  
  135  13:14  Probe x2  
  138  13:25  Probe  
  133  13:30  Zealot, Sentry  
  133  13:32  Zealot x5  
Tags
 
Add a new tag
Caveats
  • Supply blocks, unpowered buildings, or Contaminate may cause inaccurate times.
  • Supply counts are checked every 10 seconds.